 Dungeon Crawl Stone Soup version 0.24-a0-278-gefa1973 (webtiles) character file.

Game seed: 5734864574941606250

1210 Megalobster the Cleaver (level 8, -12/71 HPs)
             Began as a Minotaur Berserker on Mar 21, 2019.
             Was an Elder of Trog.
             Mangled by an orc warrior
             ... wielding a +0 battleaxe
              (17 damage)
             ... on level 5 of the Dungeon on May 1, 2019.
             The game lasted 00:12:41 (3223 turns).

Megalobster the Cleaver (Minotaur Berserker)        Turns: 3223, Time: 00:12:43

Health: -12/71     AC:  4    Str: 23    XL:     8   Next: 22%
Magic:  7/7        EV: 11    Int:  4    God:    Trog [****..]
Gold:   189        SH:  0    Dex: 11    Spells: 7/7 levels left

rFire    + . .     SeeInvis .   o - +0 war axe
rCold    . . .     Gourm    .   (no shield)
rNeg     . . .     Faith    .   m - +0 scale mail
rPois    .         Spirit   .   g - +0 hat
rElec    .         Reflect  .   (no cloak)
rCorr    .         Harm     .   (no gloves)
MR       .....                  (no boots)
Stlth    +.........             v - amulet of inaccuracy (curse)
HPRegen  0.21/turn              n - ring of stealth
MPRegen  0.10/turn              q - ring of protection from fire

@: berserk cooldown
A: retaliatory headbutt, claws 1, horns 2, deformed body, MP-powered wands
a: Berserk, Trog's Hand, Brothers in Arms, Renounce Religion


You were on level 5 of the Dungeon.
You worshipped Trog.
Trog was greatly pleased with you.
You were very hungry.

You visited 1 branch of the dungeon, and saw 5 of its levels.

You collected 293 gold pieces.
You spent 104 gold pieces at shops.

Inventory:

Hand Weapons
 a - a +1 hand axe
 e - a +0 mace of holy wrath
 o - a +0 war axe (weapon)
Missiles
 d - 306 stones (quivered)
Armour
 b - a +0 animal skin
 g - a +0 hat (worn)
 m - a +0 scale mail (worn)
Jewellery
 n - a ring of stealth (left claw)
 q - a ring of protection from fire (right claw)
 v - a cursed amulet of inaccuracy (around neck)
Scrolls
 f - 2 scrolls of magic mapping
 h - 3 scrolls of teleportation
 p - 3 scrolls of remove curse {@r2}
 t - a scroll of fear
 u - 2 scrolls of random uselessness
 x - a scroll of enchant weapon
Potions
 i - 2 potions of curing {@q1}
 j - 2 potions of agility {unknown}
 k - a potion of haste
 l - 3 potions of degeneration
 r - a potion of heal wounds
 w - a potion of invisibility
Comestibles
 c - 7 rations
 s - 2 chunks of flesh


   Skills:
 + Level 6.5 Fighting
 * Level 9.7 Axes
 + Level 5.8 Armour
 - Level 2.1 Dodging


You had 7 spell levels left.
You didn't know any spells.
Your spell library was empty.

Dungeon Overview and Level Annotations

Branches:
Dungeon (5/15)
 Temple: D:4-7

Altars:
Kikubaaqudgha
Sif Muna
Vehumet
Wu Jian

Shops:
D:4 !


Innate Abilities, Weirdness & Mutations

You reflexively headbutt those who attack you in melee.
You have a pair of horns on your head.
You have sharp fingernails.
Armour fits poorly on your strangely shaped body.
You expend magic power (3 MP) to strengthen your wands.


Message History

You miss the orc warrior. Your headbutt misses the orc warrior.
The orc warrior is heavily wounded.
The orc warrior hits you with a +0 battleaxe!
* * * LOW HITPOINT WARNING * * *
You take 7 damage, and have 4/71 hp.
You hit the orc warrior.
The orc warrior is severely wounded.
The orc warrior barely misses you.
You closely miss the orc warrior.
The orc warrior is severely wounded.
The orc warrior misses you.
You closely miss the orc warrior. Your headbutt misses the orc warrior.
The orc warrior is severely wounded.
The orc warrior barely misses you. You furiously retaliate!
You headbutt the orc warrior, but do no damage.
You closely miss the orc warrior. Your headbutt misses the orc warrior.
The orc warrior is severely wounded.
You feel yourself speed up.
The orc warrior hits you with a +0 battleaxe!
You die...

...#####...).)......
#.#...)....########
#.................
#.#...####.######!
###........#
#.......#..#
#.#.(...#..#
#.......#.o# #
#.......#.@#+####.#
#.................#
#.................#
#...........<.....#
#.......###.......#
#.................#
....#...##..#####.#
###.#...##... # #
#.#. #...


You could see an orc warrior.

Vanquished Creatures
  Sigmund (D:4)
  An ice beast (D:5)
  An ogre (D:5)
  4 big kobolds (D:3)
  A howler monkey (D:4)
  A jelly (D:5)
  2 orc priests
  2 bullfrog skeletons
  3 orc wizards
  An iguana (D:4)
  3 worker ants (D:4)
  A hound skeleton (D:5)
  4 adders
  4 gnolls (D:3)
  A shadow imp (D:5)
  2 oozes
  An adder skeleton (D:4)
  A worm (D:3)
  2 leopard geckos
  9 orcs
  2 ball pythons
  8 giant cockroaches
  5 goblins
  10 hobgoblins
  5 jackals (D:4)
  46 kobolds
  A quokka (D:4)
  5 bats
  2 frilled lizards
  7 rats
136 creatures vanquished.

Notes
Turn   | Place    | Note
-------+----------+-------------------------------------------
     0 | D:1      | Megalobster the Minotaur Berserker began the quest for the
                  | Orb.
     0 | D:1      | Reached XP level 1. HP: 19/19 MP: 0/0
   127 | D:1      | Upgraded the game from 0.24-a0-201-gf205589 to
                  | 0.24-a0-278-gefa1973
   306 | D:1      | Reached skill level 4 in Axes
   802 | D:2      | Reached XP level 2. HP: 26/26 MP: 1/1
   949 | D:2      | Reached skill level 5 in Axes
   956 | D:2      | Reached XP level 3. HP: 31/31 MP: 2/2
  1323 | D:2      | Reached ** piety under Trog
  1828 | D:3      | Reached skill level 6 in Axes
  1828 | D:3      | Reached XP level 4. HP: 40/40 MP: 3/3
  1829 | D:3      | Found an ornate altar of the Wu Jian Council.
  1831 | D:3      | Reached XP level 5. HP: 46/46 MP: 4/4
  2131 | D:3      | Reached *** piety under Trog
  2131 | D:3      | Reached skill level 7 in Axes
  2226 | D:3      | Reached XP level 6. HP: 53/53 MP: 5/5
  2354 | D:3      | Reached skill level 5 in Fighting
  2380 | D:3      | Reached skill level 8 in Axes
  2380 | D:3      | Reached XP level 7. HP: 61/61 MP: 6/6
  2609 | D:4      | Noticed Sigmund
  2612 | D:4      | Gained mutation: You have sharp fingernails. [potion of
                  | mutation]
  2612 | D:4      | Gained mutation: Armour fits poorly on your strangely
                  | shaped body. [potion of mutation]
  2612 | D:4      | Gained mutation: You expend magic power (3 MP) to
                  | strengthen your wands. [potion of mutation]
  2623 | D:4      | Killed Sigmund
  2623 | D:4      | Reached **** piety under Trog
  2623 | D:4      | Reached skill level 5 in Armour
  2743 | D:4      | Reached skill level 9 in Axes
  2890 | D:4      | Found Move's Distillery.
  2896 | D:4      | Bought a potion of invisibility for 104 gold pieces
  2968 | D:4      | Found an ancient bone altar of Kikubaaqudgha.
  3062 | D:4      | Found a deep blue altar of Sif Muna.
  3064 | D:4      | Found a radiant altar of Vehumet.
  3161 | D:5      | Entered Level 5 of the Dungeon
  3188 | D:5      | Reached XP level 8. HP: 70/70 MP: 7/7
  3223 | D:5      | Mangled by an orc warrior

Levels and vault maps discovered:
D:1:      ncdulo_watergridlock, layout_loops_cross, minmay_misc_feat_chi
D:2:      layout_basic
D:3:      minmay_goblin_kobold_castle, layout_rooms, lemuel_doored_altar
D:4:      layout_basic, grunt_temple_overflow_magic_moments, serial_shops, shop,
          first_ration, uniq_sigmund
D:5:      cheibrodos_fzero, layout_basic, kennysheep_little_box,
          minmay_temple_entry_glass, kennysheep_decorative_pillar,
          nzn_random_ring

Skill      XL: |  1  2  3  4  5  6  7 |
---------------+----------------------+-----
Axes           | 4 5 6 7 8 9 |  9.7
Fighting       | 4 5 6 |  6.5
Armour         | 3 4 5 |  5.8
Dodging        | |  2.1

Action                   |  1- 3 |  4- 6 |  7- 9 || total
-------------------------+-------+-------+-------++-------
Melee: Hand axe          |    69 |     8 |       ||    77
       Headbutt          |     6 |    13 |    23 ||    42
       War axe           |       |    68 |    91 ||   159
Invok: Berserk           |     4 |     1 |     2 ||     7
       Trog's Hand       |     1 |     1 |     2 ||     4
  Use: Scroll            |     7 |       |     5 ||    12
       Potion            |       |       |     2 ||     2
 Stab: Sleeping          |     6 |       |       ||     6
  Eat: Ration            |     1 |     1 |       ||     2
       Chunk             |     2 |     2 |     3 ||     7
Armor: Animal skin       |    12 |       |       ||    12
       Scale mail        |     2 |    41 |    24 ||    67
Dodge: Dodged            |    50 |    51 |    58 ||   159

Table legend:
 A = Non-vault XP
 B = Vault XP
 C = Vault XP percentage of total XP
 D = Non-vault monster count
 E = Vault monster count
 F = Vault count percentage of total count
                 A         B        C        D         E       F
            +---------+---------+-------+---------+---------+-------
      Total |     574 |    1155 |  66.8 |      76 |      60 |  44.1
            +---------+---------+-------+---------+---------+-------
        D:1 |      10 |       0 |   0.0 |       7 |       0 |   0.0
        D:2 |      65 |       0 |   0.0 |      23 |       0 |   0.0
        D:3 |     173 |     503 |  74.4 |      25 |      49 |  66.2
        D:4 |     326 |     231 |  41.5 |      21 |       1 |   4.5
        D:5 |       0 |     421 | 100.0 |       0 |      10 | 100.0
            +---------+---------+-------+---------+---------+-------
